 Dungeon Crawl Stone Soup version 0.20-a0-1101-g1de9d76 (webtiles) character file.

24910 grindst0ne the Swashbuckler (level 13, -5/84 HPs)
             Began as a Gargoyle Fighter on May 4, 2017.
             Was a High Priest of Wu Jian.
             Killed from afar by a battlesphere (14 damage)
             ... created by a tengu reaver
             ... on level 14 of the Dungeon.
             The game lasted 00:44:55 (14515 turns).

grindst0ne the Swashbuckler (Gargoyle Fighter)     Turns: 14515, Time: 00:44:56

Health: -5/84      AC: 23    Str: 31    XL:     13   Next: 16%
Magic:  4/4        EV:  3    Int: 14    God:    Wu Jian [*****.]
Gold:   630        SH: 20    Dex:  9    Spells: 12/12 levels left

rFire    . . .     SeeInvis .   a - +10 dagger "Ozaepacvo" {antimagic, rPois Int+4}
rCold    + . .     Gourm    .   B - +0 large shield
rNeg     + . .     Faith    .   O - +1 plate armour
rPois    ∞         Spirit   .   u - +1 hat {MR+}
rElec    +         Reflect  +   K - scarf {cloud immunity}
rCorr    .         Harm     .   (no gloves)
MR       +....                  (no boots)
Stlth    ..........             h - +5 amulet of reflection
Regen    0.3/turn               x - +4 ring of protection
MPRegen  0.1/turn               G - +5 ring of strength

@: no status effects
A: talons 1, yellow scales 1, cold resistance 1, deformed body, high mp 1,
negative energy resistance 1, electricity resistance, strong 1, unbreathing,
evolution 1, petrification resistance, rot immunity, AC +9
a: Serpent's Lash, Heavenly Storm, Renounce Religion


You were on level 14 of the Dungeon.
You worshipped Wu Jian.
Wu Jian was extremely pleased with you.
You were not hungry.

You visited 1 branch of the dungeon, and saw 14 of its levels.

You collected 934 gold pieces.
You spent 304 gold pieces at shops.

Inventory:

Hand Weapons
 a - the +10 dagger "Ozaepacvo" (weapon) {antimagic, rPois Int+4}
   (You found it on level 8 of the Dungeon)

   It reduces the magical energy of the wielder, and disrupts the spells and
   magical abilities of those hit.
   Natural abilities and divine invocations are not affected.
   It affects your intelligence (+4).
   It protects you from poison.
 e - a +5 dagger of venom
Missiles
 c - 4 curare-tipped needles
 U - a throwing net (quivered)
Armour
 t - a +2 robe of magic resistance
 u - a +1 hat of magic resistance (worn)
 B - a +0 large shield (worn)
 K - a scarf of cloud immunity (worn)
 O - a +1 plate armour (worn)
 P - a +1 cloak
 Z - a -1 chain mail
Jewellery
 b - a cursed +2 ring of intelligence {unknown}
 h - a +5 amulet of reflection (around neck)
 q - a cursed ring of teleportation {unknown}
 w - an uncursed amulet of regeneration {unknown}
 x - a +4 ring of protection (left hand)
 F - an uncursed ring of protection from magic
 G - a +5 ring of strength (right hand)
 N - an uncursed ring of poison resistance {unknown}
 S - a cursed ring of teleportation {unknown}
 X - an uncursed amulet of faith {unknown}
Wands
 p - a wand of acid (4/15)
 y - a wand of disintegration (10/24)
 D - a wand of digging (13/24)
 E - a wand of polymorph (8/24)
 H - a wand of paralysis (24/24)
Scrolls
 i - 6 scrolls of remove curse
 j - 2 scrolls of summoning
 k - 4 scrolls of teleportation
 n - 19 scrolls of identify
 v - a scroll of enchant armour
 T - a scroll of fog
 W - 2 scrolls of amnesia
 Y - a scroll of enchant weapon
Potions
 d - a potion of might
 g - 3 potions of agility
 l - a potion of cancellation
 m - a potion of flight {unknown}
 r - 4 potions of lignification
 A - 5 potions of curing
Comestibles
 f - 14 bread rations
 o - 7 royal jellies
 s - 9 meat rations
 M - 14 fruits


   Skills:
 - Level 11.0 Fighting
 * Level 15.1 Short Blades
   Level 9.8 Maces & Flails
 - Level 3.2 Armour
 - Level 3.2 Shields


You had 12 spell levels left.
You didn't know any spells.

Dungeon Overview and Level Annotations

Branches:
Dungeon (14/15)            Temple (0/1) D:7             Orc (0/2) D:10
 Vaults (0/5) D:13
   Lair: D:8-11

Altars:
Cheibriados
Gozag
Hepliaklqana
Kikubaaqudgha
Qazlal
Sif Muna
Trog
Wu Jian
Yredelemnul
Zin
The Shining One

Shops:
D:7 [   D:9 *


Innate Abilities, Weirdness & Mutations

You are resistant to torment.
Your stone body is resilient. (AC +9)
You are immune to poison.
You resist negative energy. (rN+)
You are resistant to electric shocks. (rElec)
You can survive without breathing.
You are immune to petrification.
You are immune to rotting.
You have sharp toenails.
You are partially covered in yellow scales. (AC +2)
Your flesh is cold resistant. (rC+)
Armour fits poorly on your strangely shaped body.
You have an increased reservoir of magic. (+10% MP)
Your muscles are strong. (Str +2)
You evolve.


Message History

You block the tengu reaver's attack.
Your shield and plate armour prevent you from hitting the tengu reaver.
Your kick misses the tengu reaver.
The tengu reaver is almost dead.
Your shield and plate armour prevent you from hitting the tengu reaver.
Your kick misses the tengu reaver.
The tengu reaver is almost dead.
The tengu reaver hits you but does no damage.
You block the tengu reaver's attack. x2
The tengu reaver blocks your attack.
Your kick misses the tengu reaver.
The tengu reaver is severely wounded.
The tengu reaver points at you and mumbles some strange words.
The bolt of lightning hits you! You resist.
* * * LOW HITPOINT WARNING * * *
The battlesphere fires!
The barrage of energy hits you! The tengu reaver casts a spell at you.
The bolt of lightning hits you! You resist.
* * * LOW HITPOINT WARNING * * *
The battlesphere fires!
The barrage of energy hits you!
You die...

#.# #########.### #.##. #.#
###.# #.##. ##.# ###...# #>#..
#..# #.).### #.#.# #.## ##.###
#...# #'######### ###....#
####+.## ..........# #......#
#.....# ..........###.#....#
#....## ..<.......##.<#.@..#
#....# ........).'..##....#
####...##
.........)#####(...####..'...#
..........# #.Q.*##...#...##
########### #.......###...#
#....#### #..## ##.#### #..#
#....# ##.## . ########'##
#..######.


You could see a tengu reaver and a battlesphere.

Vanquished Creatures
  A vault guard (D:13)
  A hydra (D:14)
  A centaur warrior (D:14)
  A catoblepas (D:13)
  5 two-headed ogres
  The ghost of Megalobster the Destroyer, a journeyman DECj of Vehumet (D:12)
  A flayed ghost (D:14)
  3 unseen horrors
  The ghost of kal9871 the Covered, a novice HuMo (D:7)
  2 ugly things
  A manticore (D:14)
  3 gargoyles
  5 centaur skeletons
  A wind drake (shapeshifter) (D:13)
  2 trolls
  4 hornets
  A polar bear (shapeshifter) (D:14)
  A wolf spider simulacrum (D:14)
  2 hippogriffs
  The ghost of Paps the Shield-Bearer, an amateur GrFi (D:4)
  A shadow (D:14)
  Sigmund (D:4)
  3 hogs (D:9)
  A wyvern (D:12)
  A hog (shapeshifter) (D:14)
  11 yaks
  A human (D:9)
  A basilisk (shapeshifter) (D:14)
  A hungry ghost (D:14)
  Menkaure (D:6)
  2 vampire mosquitoes (D:14)
  Duvessa (D:6)
  4 ice beasts
  2 eyes of draining
  5 ogres
  8 orc warriors
  3 phantoms
  7 centaurs
  3 big kobolds
  7 bullfrogs
  Dowan (D:6)
  A water moccasin skeleton (D:9)
  8 scorpions
  10 wights
  18 killer bees
  2 howler monkeys
  4 jellies
  7 crimson imps
  2 centaur zombies
  8 orc wizards
  Crazy Yiuf (D:6)
  4 hounds
  2 bullfrog skeletons
  4 bullfrog zombies
  A gnoll shaman (D:4)
  8 orc priests
  7 iguanas
  7 worker ants
  A killer bee zombie (D:10)
  A hound zombie (D:9)
  A worker ant zombie (D:8)
  5 gnolls (D:4)
  A howler monkey skeleton (D:9)
  10 adders
  5 shadow imps
  4 worms
  4 leopard geckos
  58 orcs
  3 bat zombies (D:9)
  9 giant cockroaches
  3 goblins
  9 hobgoblins
  9 jackals
  33 kobolds
  3 quokkas
  A ball python (D:1)
  8 bats
  5 frilled lizards
  A leopard gecko zombie (D:7)
  A quokka zombie (D:8)
  3 rats
  3 rat zombies (D:9)
378 creatures vanquished.

Vanquished Creatures (others)
  A centaur (D:10)
  4 kobolds (D:9)
5 creatures vanquished.

Grand Total: 383 creatures vanquished

Notes
Turn   | Place    | Note
-------+----------+-------------------------------------------
     0 | D:1      | grindst0ne the Gargoyle Fighter began the quest for the Orb.
     0 | D:1      | Reached XP level 1. HP: 14/14 MP: 1/1
   151 | D:1      | Reached XP level 2. HP: 16/19 MP: 2/2
   846 | D:1      | Reached XP level 3. HP: 11/24 MP: 3/3
  1464 | D:2      | You fall through a shaft!
  1498 | D:3      | Reached XP level 4. HP: 30/30 MP: 4/4
  2109 | D:3      | Found an ornate altar of the Wu Jian Council.
  2155 | D:3      | Became a worshipper of the Wu Jian Council
  2319 | D:3      | Reached skill level 5 in Fighting
  2568 | D:4      | Reached XP level 5. HP: 19/35 MP: 5/5
  2667 | D:4      | Noticed Paps's ghost (amateur GrFi)
  3170 | D:5      | Entered Level 5 of the Dungeon
  3480 | D:4      | Reached XP level 6. HP: 39/41 MP: 6/6
  3555 | D:4      | Found a bloodstained altar of Trog.
  3586 | D:4      | Noticed Sigmund
  3593 | D:4      | Killed Sigmund
  3593 | D:4      | Reached skill level 5 in Maces & Flails
  3746 | D:4      | Reached XP level 7. HP: 20/47 MP: 7/7
  3910 | D:4      | Killed Paps's ghost
  4866 | D:5      | Reached * piety under Wu Jian
  4930 | D:5      | Found a deep blue altar of Sif Muna.
  5022 | D:5      | Reached XP level 8. HP: 54/54 MP: 8/8
  5258 | D:5      | Found a snail-covered altar of Cheibriados.
  5388 | D:6      | Noticed Menkaure
  5392 | D:6      | Found a glowing golden altar of the Shining One.
  5395 | D:6      | Killed Menkaure
  5523 | D:6      | Noticed Dowan
  5524 | D:6      | Noticed Duvessa
  5539 | D:6      | Killed Dowan
  5546 | D:6      | Killed Duvessa
  5687 | D:6      | Gained mutation: Armour fits poorly on your strangely shaped body. [potion of mutation]
  5687 | D:6      | Gained mutation: You have an increased reservoir of magic. (+10% MP) [potion of mutation]
  5687 | D:6      | Gained mutation: Your flesh is cold resistant. (rC+) [potion of mutation]
  5687 | D:6      | Gained mutation: You are robust. (+10% HP) [potion of mutation]
  5754 | D:6      | Lost mutation: You are robust. (+10% HP) [potion of mutation]
  5754 | D:6      | Gained mutation: You have sharp toenails. [potion of mutation]
  5754 | D:6      | Gained mutation: You are partially covered in yellow scales. (AC +2) [potion of mutation]
  5754 | D:6      | Gained mutation: Scrolls take you a little longer to read. [potion of mutation]
  5754 | D:6      | Gained mutation: You evolve. [potion of mutation]
  5880 | D:6      | Found a runed door.
  5884 | D:6      | Noticed Crazy Yiuf
  5889 | D:6      | Killed Crazy Yiuf
  6014 | D:6      | Found a glowing silver altar of Zin.
  6075 | D:6      | Found a glowing golden altar of the Shining One.
  6167 | D:7      | Noticed kal9871's ghost (novice HuMo)
  6188 | D:7      | Reached XP level 9. HP: 58/60 MP: 9/9
  6191 | D:7      | Reached ** piety under Wu Jian
  6221 | D:7      | Killed kal9871's ghost
  6282 | D:7      | Reached skill level 10 in Fighting
  6772 | D:7      | Found an opulent altar of Gozag.
  6824 | D:7      | Lost mutation: Scrolls take you a little longer to read. [evolution]
  6847 | D:7      | Found Paif's Antique Armour Shoppe.
  6865 | D:7      | Bought an embroidered scarf for 200 gold pieces
  6896 | D:7      | Found a staircase to the Ecumenical Temple.
  6987 | D:7      | Found a basalt altar of Yredelemnul.
  7491 | D:8      | Reached *** piety under Wu Jian
  7520 | D:8      | Got a warped dagger
  7521 | D:8      | Identified the +10 dagger "Ozaepacvo" {antimagic, rPois Int+4} (You found it on level 8 of the Dungeon)
  7590 | D:8      | Reached XP level 10. HP: 69/69 MP: 3/11
  7596 | D:8      | Reached skill level 1 in Short Blades
  7607 | D:8      | Reached skill level 2 in Short Blades
  7772 | D:8      | Reached skill level 3 in Short Blades
  7995 | D:8      | Reached skill level 4 in Short Blades
  8059 | D:8      | Found a hazy altar of Hepliaklqana.
  8406 | D:9      | Reached **** piety under Wu Jian
  8429 | D:9      | Reached skill level 5 in Short Blades
  8740 | D:9      | Reached skill level 6 in Short Blades
  8831 | D:9      | Found a stormy altar of Qazlal.
  8896 | D:9      | Reached skill level 7 in Short Blades
  8999 | D:9      | Found an ancient bone altar of Kikubaaqudgha.
  9028 | D:9      | Found Izor's General Store.
  9032 | D:9      | Bought a scroll of summoning for 104 gold pieces
  9064 | D:9      | Reached ***** piety under Wu Jian
  9092 | D:9      | Noticed a two-headed ogre
  9104 | D:9      | Killed a two-headed ogre
  9104 | D:9      | Reached skill level 8 in Short Blades
  9104 | D:9      | Reached XP level 11. HP: 74/74 MP: 4/12
  9188 | D:9      | Reached skill level 9 in Short Blades
  9388 | D:9      | Gained mutation: Your muscles are strong. (Str +2) [evolution]
  9525 | D:10     | Entered Level 10 of the Dungeon
  9741 | D:10     | Killed an unseen horror
 10353 | D:10     | Reached skill level 10 in Short Blades
 10358 | D:10     | Found a staircase to the Orcish Mines.
 10481 | D:11     | Noticed a two-headed ogre
 10494 | D:11     | Killed a two-headed ogre
 10495 | D:11     | Noticed a two-headed ogre
 10512 | D:11     | Killed a two-headed ogre
 10694 | D:11     | Identified Ygickiwk's Compendium of Quantum Confrontation
 10751 | D:12     | Reached skill level 11 in Short Blades
 10769 | D:12     | Noticed Megalobster's ghost (journeyman DECj)
 10800 | D:12     | Killed Megalobster's ghost
 10955 | D:12     | Noticed a white ugly thing
 10973 | D:12     | Killed a white ugly thing
 11494 | D:13     | Reached XP level 12. HP: 67/80 MP: 4/13
 11561 | D:13     | Reached skill level 12 in Short Blades
 11708 | D:13     | Noticed a vault guard
 11731 | D:13     | Killed a vault guard
 11800 | D:13     | Found a gate to the Vaults.
 12377 | D:13     | Reached skill level 13 in Short Blades
 12424 | D:13     | Noticed a catoblepas
 12449 | D:13     | Killed a catoblepas
 12900 | D:14     | Noticed a two-headed ogre
 12911 | D:14     | Killed a two-headed ogre
 13093 | D:14     | Noticed a centaur warrior
 13122 | D:14     | Killed a centaur warrior
 13122 | D:14     | Reached skill level 14 in Short Blades
 13303 | D:14     | Noticed a two-headed ogre
 13308 | D:14     | Killed a two-headed ogre
 13571 | D:14     | Noticed a six-headed hydra
 13589 | D:14     | Killed a six-headed hydra
 13589 | D:14     | Reached XP level 13. HP: 68/84 MP: 4/14
 13614 | D:14     | Noticed a tengu reaver
 13635 | D:14     | HP: 2/84 [tengu reaver/bolt of lightning (10)]
 13931 | D:14     | Reached ****** piety under Wu Jian
 13963 | D:14     | Reached skill level 15 in Short Blades
 14515 | D:14     | Killed from afar by a battlesphere

Vault maps used:
D:1:      saegor_arrival_simple_b
D:2:      first_bread
D:3:      lemuel_crystal_altar
D:4:      overflow_temple_1_default, uniq_sigmund
D:5:      kennysheep_little_box, cheibrodos_worm_habitat
D:6:      kennysheep_mini, nicolae_tso_swordbearing_angel, lemuel_tele_altar,
          uniq_menkaure, uniq_duvessa, uniq_crazy_yiuf_cottage
D:7:      lemuel_crystal_altar, lemuel_crystal_altar,
          minmay_temple_entry_glassed_door, serial_shops,
          nicolae_shop_overgrown_old_shop
D:8:      marbit_many_paths
D:9:      kennysheep_kobold_camp, lemuel_zombie_altar_kikubaaqudgha,
          nicolae_overflow_hidden_temple, serial_shops, kennysheep_mini_moat,
          grunt_livestock
D:11:     cheibrodos_elevator_heist, lair_entry_dummy, special_room,
          basic_altar, kennysheep_generic_room_8
D:12:     lab_entry_generic, serial_shops, shop, hangedman_decor_slide_cut
D:13:     david_vaults_5
D:14:     minmay_the_grid_triangle_9x9_recursive_3_mashed

Skill      XL: |  1  2  3  4  5  6  7  8  9 10 11 12 13 |
---------------+----------------------------------------+-----
Fighting       | 4 5 6 7 9 11 | 11.0
Maces & Flails | 3 4 5 6 8 9 |  9.8
Short Blades   | 8 11 14 15 | 15.1
Armour         | |  3.2
Shields        | |  3.2

Action                   |  1- 3 |  4- 6 |  7- 9 | 10-12 | 13-15 || total
-------------------------+-------+-------+-------+-------+-------++-------
Melee: Flail             |   167 |   268 |   330 |       |       ||   765
       Kick              |       |       |   118 |   384 |    41 ||   543
       Dagger            |       |       |   112 |  1060 |   125 ||  1297
       Mace              |       |       |    77 |       |       ||    77
Evoke: Wand              |       |       |     1 |     1 |       ||     2
  Use: Scroll            |       |     9 |     5 |     7 |     3 ||    24
       Potion            |       |       |     7 |     3 |     2 ||    12
  Eat: Chunk             |     2 |     8 |    13 |    24 |       ||    47
       Bread ration      |       |       |       |       |     1 ||     1
Armor: Scale mail        |    20 |       |       |       |       ||    20
       Chain mail        |   109 |   170 |   258 |       |       ||   537
       Plate armour      |       |       |    10 |   448 |    39 ||   497
Dodge: Dodged            |    44 |    77 |    55 |    66 |     9 ||   251
Block: Shield            |   107 |   207 |    17 |       |       ||   331
       Reflection        |       |     2 |     9 |    29 |       ||    40
       Large shield      |       |       |   543 |   770 |    64 ||  1377
